 Dungeon Crawl Stone Soup version 0.23-a0-619-g281719c6f9 (webtiles) character file.

70 LLavrengius the Shield-Bearer (level 4, -3/33 HPs)
             Began as an Octopode Fighter on Dec 22, 2018.
             Slain by a goblin (5 damage)
             ... led by Robin
             ... on level 2 of the Dungeon.
             The game lasted 00:02:50 (1145 turns).

LLavrengius the Shield-Bearer (Octopode Fighter)    Turns: 1145, Time: 00:02:52

Health: -3/33      AC:  2    Str: 15    XL:     4   Next: 22%
Magic:  4/4        EV: 12    Int: 11    God:
Gold:   86         SH:  9    Dex: 11    Spells: 3/3 levels left

rFire    . . .     SeeInvis .   a - +0 trident
rCold    . . .     Gourm    .   b - +0 shield
rNeg     . . .     Faith    .   (helmet restricted)
rPois    .         Spirit   .   (no amulet)
rElec    .         Reflect  .   f - +1 ring of evasion
rCorr    .         Harm     .   k - ring of wizardry
MR       .....     Rnd*Tele +   m - ring of teleportation (curse)
Stlth    ++........             (no ring)
HPRegen  0.11/turn              (no ring)
MPRegen  0.09/turn              (no ring)
                                (no ring)
                                (no ring)

@: flying
A: almost no armour, stealthy swim, amphibious, 8 rings, constrict 8, beak,
rugged brown scales 1, camouflage 1, deterioration 1, gelatinous body 1
a: no special abilities


You were on level 2 of the Dungeon.
You were not hungry.

You visited 1 branch of the dungeon, and saw 2 of its levels.

You collected 86 gold pieces.

Inventory:

Hand Weapons
 a - a +0 trident (weapon)
Armour
 b - a +0 shield (worn)
Jewellery
 f - a +1 ring of evasion (left tentacle)
 k - a ring of wizardry (right tentacle)
 m - a cursed ring of teleportation (on tentacle)
Scrolls
 g - 3 scrolls of identify {unknown}
 h - 2 scrolls of remove curse {unknown}
 i - 2 scrolls of blinking {unknown}
Potions
 c - 2 potions of might
 l - a potion of curing {unknown}
Comestibles
 d - 4 rations
 n - 3 chunks of flesh


   Skills:
 + Level 4.0 Fighting
 - Level 2.0 Polearms
 - Level 3.0 Dodging
 + Level 4.1 Shields


You had 3 spell levels left.
You didn't know any spells.
Your spell library was empty.

Dungeon Overview and Level Annotations

Branches:
Dungeon (2/15)

Altars:

Annotations:
D:2 Robin


Innate Abilities, Weirdness & Mutations

You cannot wear most types of armour.
You are very stealthy in the water. (Stealth+)
You are amphibious.
You can wear up to eight rings at the same time.
You can use your tentacles to constrict eight enemies at once.
Your skin changes colour to match your surroundings (Stealth+).
Your rubbery body absorbs attacks. (AC +1, EV +1)
You have a beak for a mouth.
You are partially covered in rugged brown scales. (AC +1, +3% HP)
Your body sometimes deteriorates upon taking damage.


Message History

You hit the goblin.
You kill the goblin!
The goblin barely misses you. You block the goblin's attack.
Robin roars a battlecry!
The goblin goes into a battle-frenzy!
The goblin barely misses you. The goblin misses you.
You block the goblin's attack.
It was a potion of flight.
You feel very buoyant.
You fly up into the air.
You block the goblin's attack. The goblin closely misses you.
The goblin hits you.
* * * LOW HITPOINT WARNING * * *
It was a potion of mutation.
You feel extremely strange.
Your mouth lengthens and hardens into a beak!
You feel yourself wasting away.
Rugged brown scales grow over part of your body.
The goblin no longer looks unusually strong.
You block the goblin's attack. The goblin closely misses you.
The goblin hits you.
You die...

.##.#.#.#g##. .##....
...#S..g.g. . ......
#g#.#.##.###.##....
#.gg...............
#.#g##.###.# ##....
#.##.#†##.###.####....
#..!...(.............)
#######Kg..##########.
#@gS(..# #. #ggg##.# ##
##gg.#..# ###..#...##
#........#############
...####................
## #################


You could see Robin, an adder, a hobgoblin, 5 goblins and a kobold.

Vanquished Creatures
  An adder (D:2)
  2 worms (D:2)
  5 dart slugs
  2 leopard geckos (D:1)
  An orc (D:2)
  8 bats
  9 goblins
  7 hobgoblins
  2 kobolds
  4 frilled lizards
  4 rats
45 creatures vanquished.

Notes
Turn   | Place    | Note
-------+----------+-------------------------------------------
     0 | D:1      | LLavrengius the Octopode Fighter began the quest for the
                  | Orb.
     0 | D:1      | Reached XP level 1. HP: 16/16 MP: 1/1
   237 | D:1      | Reached XP level 2. HP: 17/21 MP: 2/2
   791 | D:2      | Reached XP level 3. HP: 23/26 MP: 3/3
  1061 | D:2      | Reached XP level 4. HP: 33/33 MP: 4/4
  1116 | D:2      | Noticed Robin
  1145 | D:2      | Gained mutation: You have a beak for a mouth. [potion of
                  | mutation]
  1145 | D:2      | Gained mutation: Your body sometimes deteriorates upon
                  | taking damage. [potion of mutation]
  1145 | D:2      | Gained mutation: You are partially covered in rugged brown
                  | scales. (AC +1, +3% HP) [potion of mutation]
  1145 | D:2      | Slain by a goblin

Vault maps used:
D:1:      co_arrival_random_square_maze
D:2:      nicolae_qazlal_eye_of_the_storm, first_ration, st_stairs_11,
          minmay_diced_spiral, uniq_robin

Skill      XL: |  1  2  3 |
---------------+----------+-----
Fighting       | 4 |  4.0
Shields        | 4 |  4.1
Polearms       | |  2.0
Dodging        | |  3.0

Action                   |  1- 3 |  4- 6 || total
-------------------------+-------+-------++-------
Melee: Trident           |    77 |    21 ||    98
       Constrict         |    17 |     3 ||    20
       Tentacles         |     9 |     3 ||    12
  Use: Potion            |       |     2 ||     2
 Stab: Sleeping          |     6 |     1 ||     7
  Eat: Chunk             |     1 |       ||     1
Armor: Skin              |     2 |     3 ||     5
Dodge: Dodged            |    21 |    22 ||    43
Block: Shield            |    29 |    17 ||    46

Table legend:
 A = Non-vault XP
 B = Vault XP
 C = Vault XP percentage of total XP
 D = Non-vault monster count
 E = Vault monster count
 F = Vault count percentage of total count
                 A         B        C        D         E       F
            +---------+---------+-------+---------+---------+-------
      Total |      78 |      23 |  22.8 |      33 |      12 |  26.7
            +---------+---------+-------+---------+---------+-------
        D:1 |      32 |       0 |   0.0 |      19 |       0 |   0.0
        D:2 |      46 |      23 |  33.3 |      14 |      12 |  46.2
            +---------+---------+-------+---------+---------+-------
